AoeStats
← ATABEY

African Clearing

506119347Analyzed
4v4 RM · 18d ago on Sep 12, 2026· 49m 32s· 8 players
Game mode
Random Map
Map size
Large (8 player)
Population
200
Speed
Normal
Resources
Standard
Victory
Conquest
Starting age
Dark Age
Ending age
Imperial Age
RankedLock teamsTeams togetherTeam positionsShared explorationLock speedFull tech treeHidden civsTurbo modeCheats
Victory
Defeat
🇧🇷 Italians · Brazil
1625
+16
🇳🇱 Koreans · Netherlands
1617
+16
🇹🇷 Mapuche · Türkiye
1587
+17
🇺🇸 Magyars · United States
1585
+17
🇨🇳 Vietnamese · China
1650
-18
🇨🇳 Persians · China
1632
-17
🇨🇳 Magyars · China
1612
-16
🇷🇺 Spanish · Russia
1585
-15
czj136
5:11 Loom
14:28 Feudal Age
15:15 Double-Bit Axe
16:37 Fishing Lines
19:47 Wheelbarrow
22:30 Castle Age
21:20 Gold Mining
24:05 Bow Saw
24:16 Horse Collar
25:42 Fletching
25:48 Stone Mining
27:08 Bodkin Arrow
28:21 Husbandry
29:35 Padded Archer Armor
29:47 Bloodlines
30:01 Ballistics
34:02 Imperial Age
31:42 Heavy Plow
33:00 Gold Shaft Mining
32:51 Leather Archer Armor
32:44 Thumb Ring
34:44 Hand Cart
34:11 Heavy Cavalry Archer
35:02 Recurve Bow
35:16 Bracer
36:19 Chemistry
36:05 Parthian Tactics
36:46 Ring Archer Armor
36:39 Conscription
37:11 Town Watch
38:08 Scale Barding Armor
38:10 Corvinian Army
39:10 Chain Barding Armor
41:05 Plate Barding Armor
40:31 Elite Magyar Huszar
41:20 Elite Skirmisher
42:10 Imperial Skirmisher
44:19 Two-Man Saw
43:52 Crop Rotation
44:54 Masonry
48:13 Town Patrol
月月
3:25 Loom
11:49 Feudal Age
16:52 Castle Age
15:10 Double-Bit Axe
16:25 Horse Collar
17:47 Wheelbarrow
18:11 Bow Saw
21:28 Gold Mining
26:59 Husbandry
29:35 Bloodlines
32:30 Imperial Age
31:16 Gold Shaft Mining
31:21 Hand Cart
31:53 Heavy Plow
32:06 Scale Barding Armor
32:51 Forging
32:41 Heavy Camel Rider
33:45 Chain Barding Armor
33:40 Bloodlines
34:36 Conscription
34:24 Capped Ram
34:59 Cavalier
36:00 Town Watch
36:09 Stone Mining
38:09 Plate Barding Armor
39:38 Iron Casting
38:54 Fletching
39:13 Light Cavalry
43:31 Hoardings
43:39 Masonry
45:29 Blast Furnace
47:32 Architecture
48:04 Chemistry
lazypig
13:07 Feudal Age
12:19 Loom
17:39 Castle Age
16:14 Double-Bit Axe
16:53 Fletching
18:12 Gold Mining
18:48 Bow Saw
23:46 Ballistics
24:39 Wheelbarrow
25:55 Town Watch
27:58 Elite Skirmisher
28:37 Bodkin Arrow
29:41 Padded Archer Armor
44:32 Horse Collar
45:32 Heavy Plow
50:04 Imperial Age
Riveryyy
10:52 Loom
13:04 Feudal Age
17:01 Castle Age
15:26 Double-Bit Axe
15:24 Horse Collar
26:27 Husbandry
26:38 Bloodlines
27:42 Bloodlines
29:54 Padded Archer Armor
42:46 Wheelbarrow
46:05 Imperial Age
44:44 Leather Archer Armor
44:20 Fletching
44:45 Elite Skirmisher
46:21 Thumb Ring
46:19 Bodkin Arrow
47:17 Ballistics
47:58 Chemistry
47:01 Bracer
47:31 Ring Archer Armor
47:21 Imperial Skirmisher
deev
3:03 Loom
11:31 Feudal Age
12:06 Double-Bit Axe
12:34 Town Watch
16:48 Bloodlines
17:09 Scale Barding Armor
18:51 Wheelbarrow
23:49 Castle Age
24:20 Light Cavalry
25:21 Chain Barding Armor
25:39 Husbandry
35:27 Fletching
37:56 Bodkin Arrow
38:24 Ballistics
41:50 Hand Cart
46:04 Imperial Age
46:25 Bow Saw
46:09 Cavalier
47:25 Plate Barding Armor
47:10 Gold Mining
48:04 Paladin
Tiekel
10:43 Loom
12:54 Feudal Age
14:16 Double-Bit Axe
17:20 Castle Age
16:36 Gold Mining
16:36 Fletching
18:48 Bow Saw
23:25 Ballistics
24:20 Horse Collar
28:27 Husbandry
29:33 Bodkin Arrow
32:33 Heavy Plow
34:07 Wheelbarrow
33:22 Town Watch
34:26 Gold Shaft Mining
33:42 Stone Mining
37:42 Imperial Age
35:38 Masonry
35:09 Treadmill Crane
36:37 Stone Shaft Mining
36:45 Hand Cart
38:25 Bracer
38:11 Arrowslits
39:26 Chemistry
39:15 Conscription
39:08 Thumb Ring
40:29 Architecture
39:40 Elite War Wagon
44:09 Siege Engineers
44:00 Murder Holes
47:10 Coinage
48:27 Eupseong
48:21 Heavy Rocket Cart
49:31 Shinkichon
EoK_OrO_
6:17 Loom
13:39 Feudal Age
14:27 Double-Bit Axe
18:03 Castle Age
16:18 Gold Mining
19:15 Bow Saw
20:19 Fletching
22:26 Horse Collar
27:21 Wheelbarrow
27:19 Stone Mining
27:26 Bodkin Arrow
32:47 Imperial Age
30:59 Padded Archer Armor
32:17 Leather Archer Armor
32:24 Ballistics
33:10 Thumb Ring
33:32 Bracer
33:58 Conscription
35:52 Chemistry
34:41 Town Watch
36:24 Ring Archer Armor
36:28 Elite Genoese Crossbowman
41:09 Coinage
41:15 Stone Shaft Mining
44:52 Squires
44:37 Arson
44:53 Scale Mail Armor
45:04 Forging
47:27 Chain Mail Armor
ATABEY
12:41 Feudal Age
17:37 Castle Age
15:29 Double-Bit Axe
16:40 Gold Mining
17:03 Fletching
18:46 Bodkin Arrow
20:06 Ballistics
29:35 Padded Archer Armor
31:49 Leather Archer Armor
32:43 Horse Collar
33:14 Bow Saw
38:04 Imperial Age
36:58 Wheelbarrow
37:45 Loom
39:58 Chemistry
40:11 Hand Cart
40:01 Elite Bolas Rider
45:37 Ring Archer Armor
45:30 Conscription
46:34 Forging
48:38 Iron Casting
50:43 Blast Furnace
Connection lost

Rejoining the realm…

Still unreachable

The connection could not be restored.

Session expired

The server has moved on; the page needs a fresh start.